[Event "*** Titled Tuesday 3|2 Blitz"]
[Site "Chess.com"]
[Date "2016.03.01"]
[Round "3"]
[White "Boryboy"]
[Black "Jahonas"]
[Result "1-0"]
[WhiteElo "2473"]
[BlackElo "2174"]
[TimeControl "180+2"]
[EndTime "12:04:42 PST"]
[Termination "Boryboy won by resignation"]

1. e4 c6 2. Bc4 d5 3. Bb3 dxe4 4. Qh5 e6 5. Nc3 Nf6 6. Qe2 Qd4 7. Nh3 Bc5 8. Ng5 h6 9. Ngxe4 Be7 10. d3 Nbd7 11. Be3 Qe5 12. O-O-O Nd5 13. Bd2 N7f6 14. Rde1 O-O 15.
Kb1 a5 16. Nxf6+ Qxf6 17. Bxd5 cxd5 18. Nxd5 exd5 19. Qxe7 Qxe7 20. Rxe7 b5 21. Rhe1 Be6 22. Be3 a4 23. a3 Rfe8 24. Rxe8+ Rxe8 25. Bc5 Rc8 26. Bb4 Rc6 27. Kc1 f6 28. Kd2 Kf7 29. g3 h5 30. Re2 Rc7 31. Ke3 Bg4 32. Rd2 g5 33. Kd4 Be6 34. c3 Rc8 35. Re2 h4 36. Bd6 hxg3 37. hxg3 Rc6 38. Bb4 Rc8 39. f4 g4 40. Rf2 Bf5 41. Rd2 Re8 42. Bc5 Re1 43. Kxd5 Rf1 44. Kc6 Rf3 45. d4 Bd3 46.
d5 Rxg3 47. d6 Bf5 48. d7 Bxd7+ 49. Rxd7+ Kg6 50. Rd2 Rf3 51. Kxb5 g3 52. c4 Rxf4 53. Kxa4 Rxc4+ 54. Kb5 Rg4 55. a4 Kf5 56. a5 Ke4 57. a6 Rg8 58. b4 f5 59. a7 f4 60. Bd6 Ra8 61. Kb6 Ke3 62. Rc2 1-0

[Event "*** Titled Tuesday 3|2 Blitz"]
[Site "Chess.com"]
[Date "2016.03.01"]
[Round "3"]
[White "punkmonkZ"]
[Black "Abdodi"]
[Result "1-0"]
[WhiteElo "1951"]
[BlackElo "1830"]
[TimeControl "180+2"]
[EndTime "12:04:43 PST"]
[Termination "punkmonkZ won by resignation"]

1. e4 c6 2. Bc4 d5 3. Bb3 e5 4. Nf3 Bg4 5. h3 Bxf3 6. Qxf3 Nf6 7. d3 Bc5 8. Nc3 dxe4 9. Nxe4 Nbd7 10. O-O O-O 11. Bg5 Be7 12. a3 Nxe4 13. Bxe7 Qxe7 14. dxe4 Nf6 15. Qe3 Rfd8 16. Rfd1 c5 17. Bd5 Rd7 18.
c4 Rad8 19. f3 a6 20. Qc3 b5 21. b3 Nh5 22. Rac1 Nf4 23. Rc2 bxc4 24. Qxc4 Nxd5 25. Rxd5 Rxd5 26. exd5 Qd6 27. Qxc5 h6 28. Qxd6 Rxd6 29. Rc5 Kf8 30. Kf2 Ke7 31. Ke3 f5 32. Kd3 Rb6 33. b4 Kd6 34. g4 g6 35. h4 fxg4 36.
fxg4 Kd7 37. Ke4 Kd6 38. Rc8 Rb7 39. Rc6+ Ke7 40. Rxg6 h5 41. Rg7+ 1-0

[Event "*** Titled Tuesday 3|2 Blitz"]
[Site "Chess.com"]
[Date "2016.03.01"]
[Round "3"]
[White "dretch"]
[Black "Aygehovit1992"]
[Result "1-0"]
[WhiteElo "2482"]
[BlackElo "2403"]
[TimeControl "180+2"]
[EndTime "12:04:49 PST"]
[Termination "dretch won by resignation"]

1. d4 d6 2. Nf3 g6 3. c4 Bg7 4. e4 Bg4 5. Be2 Bxf3 6. Bxf3 e5 7. d5 a5 8. Nc3 Na6 9. h4 h5 10.
Bg5 Bf6 11. Qd2 Bxg5 12. hxg5 Nc5 13. O-O-O Ne7 14. Rh4 Rf8 15. g4 hxg4 16. Bxg4 Nc8 17. Rdh1 Nb6 18. b3 a4 19. Kb2 axb3 20. axb3 c6 21. Qe3 Nxc4+ 22. bxc4 Qb6+ 23. Kc2 Qb3+ 24. Kd2 Qb2+ 25. Ke1 Ra3 26. R4h3 Na4 27. Qd2 Qa1+ 28. Nd1 Ke7 29. Rxa3 Qxa3 30. Rh3 Qc5 31. Rb3 Nb6 32.
Qb4 Nxc4 33. Qxc5 dxc5 34. Rxb7+ 1-0

[Event "*** Titled Tuesday 3|2 Blitz"]
[Site "Chess.com"]
[Date "2016.03.01"]
[Round "3"]
[White "Tirantes"]
[Black "Cecile_Haussernot"]
[Result "0-1"]
[WhiteElo "2195"]
[BlackElo "2179"]
[TimeControl "180+2"]
[EndTime "12:04:59 PST"]
[Termination "Cecile_Haussernot won on time"]

1. c4 e5 2. Nc3 Nc6 3. g3 g6 4. Bg2 Bg7 5. e4 Nge7 6. Nge2 O-O 7. O-O d6 8. d3 f5 9. Be3 Be6 10. Nd5 Qd7 11. Qd2 Nd8 12. b3 c6 13. Nxe7+ Qxe7 14. Rad1 Nf7 15. exf5 Bxf5 16. d4 e4 17. h3 d5 18. Nc3 Rad8 19. cxd5 cxd5 20. f3 exf3 21. Rxf3 Rfe8 22. Rdf1 Qb4 23. Kh1 Nd6 24. Nxd5 Qxd2 25. Bxd2 Ne4 26. Be1 Rxd5 27. g4 Bd7 28. Rf4 Rxd4 29.
h4 Bc6 30. g5 Be5 31. R4f3 Nc5 32. Re3 Bb5 33. Rg1 Nd3 0-1

[Event "*** Titled Tuesday 3|2 Blitz"]
[Site "Chess.com"]
[Date "2016.03.01"]
[Round "3"]
[White "MateusViageiro"]
[Black "Rickstereo"]
[Result "0-1"]
[WhiteElo "2217"]
[BlackElo "2183"]
[TimeControl "180+2"]
[EndTime "12:05:03 PST"]
[Termination "Rickstereo won by checkmate"]

1. e4 c5 2. Nf3 Nc6 3. Bb5 g6 4.
O-O Bg7 5. Re1 Nf6 6. e5 Ng4 7. Bxc6 bxc6 8. h3 Nh6 9. d4 cxd4 10. Nxd4 O-O 11. c4 f6 12. e6 dxe6 13. Nxc6 Qc7 14.
Na5 Qxa5 15. Nc3 Bb7 16. Rxe6 Rad8 17. Qe1 Nf5 18. Bd2 Qc5 19. b3 Rd7 20. Na4 Qc8 21. Bc3 Rfd8 22. Rc1 Bh6 23. Rb1 Nh4 24. f3 Rd1 25.
Rxd1 Rxd1 26. Qxd1 Qxe6 27. Kh1 Bxf3 28. Qe1 Qxh3+ 29.
Kg1 Qxg2# 0-1

[Event "*** Titled Tuesday 3|2 Blitz"]
[Site "Chess.com"]
[Date "2016.03.01"]
[Round "3"]
[White "Drags95"]
[Black "JustKid"]
[Result "1-0"]
[WhiteElo "2261"]
[BlackElo "2130"]
[TimeControl "180+2"]
[EndTime "12:05:05 PST"]
[Termination "Drags95 won by resignation"]

1. e4 d6 2. d4 Nf6 3. Nc3 g6 4.
h3 Bg7 5. Nge2 O-O 6. g4 c5 7. g5 Nh5 8. d5 e6 9. Bg2 exd5 10. Nxd5 Nc6 11. c3 f5 12. gxf6 Nxf6 13. Bg5 Be6 14.
Nef4 Bf7 15. Qe2 Ne5 16. h4 h6 17. Nxf6+ Bxf6 18. Bxh6 Re8 19. Rd1 Bxh4 20. Nd5 g5 21. Ne3 c4 22. O-O Qf6 23. Nf5 Rad8 24. f4 Nd3 25.
fxg5 Bxg5 26. Qg4 Nxb2 27. Bxg5 Qg6 28. Nh6+ 1-0

[Event "*** Titled Tuesday 3|2 Blitz"]
[Site "Chess.com"]
[Date "2016.03.01"]
[Round "3"]
[White "Gevorg_Harutjunyan"]
[Black "AndroQueen"]
[Result "0-1"]
[WhiteElo "2608"]
[BlackElo "2546"]
[TimeControl "180+2"]
[EndTime "12:05:17 PST"]
[Termination "AndroQueen won by checkmate"]

1. Nf3 d5 2. g3 g6 3. Bg2 Bg7 4.
d4 Nf6 5. O-O O-O 6. c4 dxc4 7. Na3 c3 8. bxc3 c5 9. e3 Nc6 10. Qe2 Bf5 11. Bb2 Qa5 12. Rfd1 Rfd8 13. h3 Be4 14. Qb5 Qxb5 15. Nxb5 Na5 16. Na3 Rac8 17.
Rac1 Nd5 18. Nd2 Bxg2 19. Kxg2 Nb6 20. Ne4 Nbc4 21. Nxc4 Nxc4 22. Ba1 b6 23. g4 h6 24.
Kf3 f5 25. gxf5 gxf5 26. Ng3 e6 27. Nh5 Kf7 28. Rg1 Bh8 29. Ke2 b5 30. Nf4 a6 31.
Rg6 e5 32. dxe5 Rd2+ 33. Ke1 Bxe5 34. Rxa6 Bxf4 35. exf4 Re8+ 36. Kf1 Ree2 37. Ra7+ Kg6 38. Re1 Rxf2+ 39. Kg1 Rg2+ 40. Kh1 Rh2+ 41. Kg1 Rdg2+ 42. Kf1 Nd2# 0-1

[Event "*** Titled Tuesday 3|2 Blitz"]
[Site "Chess.com"]
[Date "2016.03.01"]
[Round "3"]
[White "MinhGTrAn"]
[Black "ChessTrener"]
[Result "1-0"]
[WhiteElo "2666"]
[BlackElo "2566"]
[TimeControl "180+2"]
[EndTime "12:05:18 PST"]
[Termination "MinhGTrAn won by resignation"]

1. d4 Nf6 2. c4 c5 3. d5 b5 4. cxb5 a6 5. bxa6 Bxa6 6. Nc3 d6 7. e4 Bxf1 8. Kxf1 Nbd7 9. Nf3 g6 10.
g3 Bg7 11. Kg2 O-O 12. Qe2 Qa5 13. Rb1 Rfb8 14. a4 Ne8 15. Bd2 Qa6 16. b3 Qxe2 17. Nxe2 Rb7 18. Nc3 Nc7 19. Rb2 c4 20. Rhb1 cxb3 21.
Rxb3 Rxb3 22. Rxb3 Nc5 23. Rb4 Bxc3 24. Bxc3 f6 25. a5 Kf7 26. Rc4 N7a6 27. Nd2 Rb8 28. Kf3 h5 29. h4 f5 30. e5 Nc7 31. exd6 exd6 32. Bd4 N7a6 33. Kg2 Rb5 34. Rc2 Nb4 35.
Nc4 Ne4 36. Rb2 Rxd5 37. Rxb4 Rxd4 38. a6 Rd1 39. Ra4 1-0

[Event "*** Titled Tuesday 3|2 Blitz"]
[Site "Chess.com"]
[Date "2016.03.01"]
[Round "3"]
[White "AndreyOstrovskiy"]
[Black "KamilPlichta"]
[Result "1-0"]
[WhiteElo "2470"]
[BlackElo "2425"]
[TimeControl "180+2"]
[EndTime "12:05:25 PST"]
[Termination "AndreyOstrovskiy won by resignation"]

1. e4 Nf6 2. e5 Nd5 3. d4 d6 4. Nf3 dxe5 5. Nxe5 c6 6. Be2 Bf5 7. Bd3 Bxd3 8. Qxd3 Nd7 9. Nf3 e6 10. O-O Be7 11. c4 N5f6 12. Re1 O-O 13. Nc3 c5 14. Be3 cxd4 15. Bxd4 Bc5 16. Rad1 Bxd4 17. Qxd4 Qb6 18. b3 a5 19. Qxb6 Nxb6 20. Rd6 Nbd7 21. Red1 Nc5 22. Ne5 Rfc8 23. f3 Kf8 24. Kf2 Ke8 25. Ke3 Ra6 26.
Nb5 Ke7 27. R6d2 Raa8 28. g4 h6 29. h4 Rd8 30. Rxd8 Rxd8 31. Rxd8 Kxd8 32. Nxf7+ Ke7 33. Ne5 Ne8 34. Kd4 b6 35. g5 hxg5 36. hxg5 Nd6 37. Nxd6 Kxd6 38. Nd3 Nd7 39. f4 Kc6 40. Ne5+ Kd6 41.
Nxd7 Kxd7 42. Ke5 Ke7 43. a3 Kd7 44. b4 axb4 45. axb4 Ke7 46. c5 bxc5 47. bxc5 Kd7 48. g6 Kc6 49. Kxe6 Kxc5 50. Kf7 1-0

[Event "*** Titled Tuesday 3|2 Blitz"]
[Site "Chess.com"]
[Date "2016.03.01"]
[Round "3"]
[White "arnacman"]
[Black "jup1978"]
[Result "1-0"]
[WhiteElo "2308"]
[BlackElo "2259"]
[TimeControl "180+2"]
[EndTime "12:05:39 PST"]
[Termination "arnacman won by resignation"]

1. e4 c5 2. Nf3 d6 3. d4 cxd4 4. Nxd4 Nf6 5. Nc3 a6 6. h3 e5 7. Nde2 h5 8. Ng1 Nc6 9. Nf3 Be7 10. Ng5 b5 11. Nd5 Nxd5 12. Qxd5 Bxg5 13. Bxg5 f6 14. Qxc6+ Bd7 15. Qxd6 fxg5 16. Qxe5+ Qe7 17. Qd5 Rc8 18. O-O-O Bc6 19. Qf5 Rc7 20. Qg6+ Kf8 21. Bd3 Rh6 22.
Qf5+ Kg8 23. e5 Re6 24. Rhe1 Be8 25. Qh7+ Kf8 26. Re3 g4 27. hxg4 hxg4 28. Qf5+ Kg8 29. Rh1 Bg6 30. Qxg4 Bxd3 31. Rxd3 Rxe5 32. Qd1 Rec5 33. c3 b4 34. Rd8+ Kf7 35. Re1 Qg5+ 36. f4 Qxf4+ 37. Kb1 bxc3 38. Rd7+ Rxd7 39. Qxd7+ Kg6 40.
Re6+ Kh7 41. Qd3+ g6 42. Qxg6+ Kh8 43. Re8+ 1-0

[Event "*** Titled Tuesday 3|2 Blitz"]
[Site "Chess.com"]
[Date "2016.03.01"]
[Round "3"]
[White "JustaTrickstar"]
[Black "Bentery"]
[Result "1-0"]
[WhiteElo "2475"]
[BlackElo "2307"]
[TimeControl "180+2"]
[EndTime "12:05:46 PST"]
[Termination "JustaTrickstar won by resignation"]

1. d4 d5 2. c4 dxc4 3. e4 Nf6 4.
e5 Nd5 5. Bxc4 Nc6 6. Ne2 Bf5 7. O-O e6 8. Nbc3 Nb6 9. Bb3 Nb4 10. Be3 Qd7 11.
Rc1 Nd3 12. Rc2 Nb4 13. Rd2 N4d5 14. Nf4 Nxf4 15. Bxf4 c6 16. h4 h5 17. Bg5 Be7 18.
Bxe7 Qxe7 19. g3 O-O-O 20. Bc2 Bxc2 21. Qxc2 g5 22. hxg5 Qxg5 23. Ne4 Qg4 24. f3 Qg7 25. Kf2 Kb8 26. a4 Nd5 27. a5 f6 28. exf6 Nxf6 29. Nc5 h4 30. g4 Nxg4+ 31. fxg4 Qxg4 32. Qe4 Rhf8+ 33. Ke1 Rxf1+ 34. Kxf1 Rf8+ 35. Ke1 Qg1+ 36. Ke2 Rf2+ 37. Kd3 Qb1+ 38. Kc3 Qc1+ 39. Kb3 Qxd2 40. Qe5+ Kc8 41. Qxe6+ Kb8 42. Qe8+ 1-0

[Event "*** Titled Tuesday 3|2 Blitz"]
[Site "Chess.com"]
[Date "2016.03.01"]
[Round "3"]
[White "jcibarra"]
[Black "oskariot"]
[Result "1-0"]
[WhiteElo "2480"]
[BlackElo "2312"]
[TimeControl "180+2"]
[EndTime "12:05:56 PST"]
[Termination "jcibarra won by resignation"]

1. e4 c5 2. Nf3 d6 3. d4 cxd4 4.
Nxd4 Nf6 5. Nc3 Nc6 6. Bg5 Bd7 7. Qd2 Rc8 8. f4 Nxd4 9. Qxd4 h6 10. Bxf6 gxf6 11.
Qxa7 f5 12. e5 dxe5 13. O-O-O Rxc3 14. bxc3 Qc8 15. Qb6 Bc6 16. Bb5 Bg7 17. Bxc6+ bxc6 18. fxe5 Bxe5 19. Rhe1 Bf4+ 20. Kb2 e6 21. g3 Bg5 22. a4 O-O 23. Rd6 Qa8 24. Qxc6 Rb8+ 25. Ka2 Qa7 26. Rb1 Rxb1 27. Kxb1 Qg1+ 28. Ka2 Qc1 29. Qg2 Be7 30. Rd7 Bc5 31. Qe2 Qa3+ 32. Kb1 Qxa4 33. Rb7 Qc6 34. Qb5 Qh1+ 35. Kb2 Bf8 36. Qd7 Ba3+ 37. Ka2 Qd5+ 38. Qxd5 exd5 39. Kxa3 d4 40. cxd4 f4 41.
gxf4 f5 42. c4 h5 1-0

[Event "*** Titled Tuesday 3|2 Blitz"]
[Site "Chess.com"]
[Date "2016.03.01"]
[Round "3"]
[White "viditchess"]
[Black "Winehouse83"]
[Result "1-0"]
[WhiteElo "2456"]
[BlackElo "2373"]
[TimeControl "180+2"]
[EndTime "12:06:01 PST"]
[Termination "viditchess won by resignation"]

1. d4 Nf6 2. c4 c6 3. Bf4 d5 4. e3 g6 5. Nc3 Bg7 6. Nf3 O-O 7. Be2 Bg4 8. cxd5 cxd5 9. Qb3 Bc8 10. Ne5 Nc6 11. O-O e6 12. Nxc6 bxc6 13. Rac1 Nd7 14.
Na4 e5 15. dxe5 Nxe5 16. Rfd1 Be6 17. Nc5 Rb8 18. Qa3 Bc8 19. b3 Qe7 20. Qa5 Rb6 21.
Na4 Rb8 22. Qc5 Qxc5 23. Rxc5 Bd7 24. Ra5 Rb7 25. Nc5 Rc7 26. e4 Bc8 27. exd5 cxd5 28. Rxd5 Re7 29. Bf1 Nc6 30. Ra4 Re1 31. Rc4 Ne7 32.
Rd3 Nf5 33. Rc1 Rxc1 34. Bxc1 Bd4 35. b4 h5 36. Be3 Bxe3 37. fxe3 Re8 38. e4 Ne7 39.
Ra3 Nc6 40. Bb5 1-0

[Event "*** Titled Tuesday 3|2 Blitz"]
[Site "Chess.com"]
[Date "2016.03.01"]
[Round "3"]
[White "chessbia"]
[Black "Tesla17"]
[Result "0-1"]
[WhiteElo "2054"]
[BlackElo "2256"]
[TimeControl "180+2"]
[EndTime "12:06:09 PST"]
[Termination "Tesla17 won by checkmate"]

1. d4 c5 2. d5 e6 3. c4 Nf6 4.
Nc3 a6 5. a4 exd5 6. cxd5 Bd6 7.
g3 Bc7 8. Bg2 d6 9. Nf3 O-O 10.
O-O Re8 11. Re1 Nbd7 12. Nd2 Rb8 13. e4 b5 14. axb5 axb5 15. b4 cxb4 16. Na2 Ba5 17. Bb2 b3 18. Nc3 Nc5 19. Nxb3 Bxc3 20. Bxc3 Ncxe4 21. Bb2 Bg4 22. Qd4 Ng5 23. Rxe8+ Qxe8 24. Qf4 Nh3+ 25.
Bxh3 Bxh3 26. Nd4 Nxd5 27. Qh4 Bd7 28. Qg5 Qe5 29. Qd2 Qh5 30. Ra7 Bg4 31. Nc6 Re8 32.
h4 h6 33. Qd4 Re1+ 34. Kh2 Nf6 35. Ne7+ Kh7 36. Qd2 Re2 37. Qd3+ Ne4 38. Bd4 Bf3 39. Ra1 Qg4 40. Nd5 Qxg3# 0-1

[Event "*** Titled Tuesday 3|2 Blitz"]
[Site "Chess.com"]
[Date "2016.03.01"]
[Round "3"]
[White "Journey_to_GrandMaster_YT"]
[Black "Grootneus"]
[Result "1-0"]
[WhiteElo "2263"]
[BlackElo "2025"]
[TimeControl "180+2"]
[EndTime "12:06:12 PST"]
[Termination "Journey_to_GrandMaster_YT won by resignation"]

1. Nf3 Nf6 2. g3 b6 3. Bg2 Bb7 4. O-O c5 5. c4 e6 6. Nc3 Be7 7. d4 cxd4 8. Nxd4 Bxg2 9. Kxg2 Qc8 10. b3 Qb7+ 11. Kg1 d6 12. Bb2 a6 13. Qd3 O-O 14. Rad1 Nbd7 15. Nf3 Rfc8 16. Qd4 Nc5 17. Rd2 Ne8 18.
Rfd1 Bf6 19. Qg4 b5 20. Nb1 Bxb2 21. Rxb2 bxc4 22. Qxc4 Ne4 23. Qd4 N8f6 24. Na3 d5 25. Ne5 Qe7 26. Nc2 Nc3 27. Re1 Nfe4 28. f3 Nd6 29.
Nb4 Nf5 30. Nbc6 Nxd4 31. Nxe7+ Kf8 32. Nxc8 Rxc8 33. Kf2 f6 34. Nd3 Ke7 35. Rc1 Kd6 36. e3 Ndb5 37. Rbc2 e5 38. a4 e4 39. axb5 exd3 40.
Rxc3 1-0

[Event "*** Titled Tuesday 3|2 Blitz"]
[Site "Chess.com"]
[Date "2016.03.01"]
[Round "3"]
[White "pKiLz5Rn9b"]
[Black "jk13"]
[Result "0-1"]
[WhiteElo "2503"]
[BlackElo "2390"]
[TimeControl "180+2"]
[EndTime "12:06:16 PST"]
[Termination "jk13 won by resignation"]

1. e4 e5 2. Nf3 Nc6 3. Bc4 Bc5 4.
c3 Nf6 5. d3 O-O 6. h3 d5 7.
exd5 Nxd5 8. O-O Nb6 9. Bb3 Bf5 10. Bc2 Qd7 11. Qe2 Rad8 12. Rd1 Rfe8 13. b4 Bf8 14. a3 a6 15. a4 h6 16. b5 Na7 17.
c4 Bc5 18. Be3 Qe7 19. Nc3 Bb4 20. Ne4 Bxe4 21. dxe4 a5 22. c5 Bxc5 23. Bb3 Nac8 24. Rac1 Bxe3 25. Qxe3 Rxd1+ 26. Rxd1 Qb4 27. Rc1 Re7 28.
Rc5 Nd6 29. Nd2 Nxa4 30. Bxa4 Qxa4 31. Qd3 Qa1+ 32. Kh2 Qd4 33. Qc2 Qxf2 34. Rc3 Nxb5 35. Rf3 Nd4 36. Rxf2 Nxc2 37. Nc4 Nd4 38. Nxa5 c6 39. Nc4 f6 40. Ne3 Rc7 41. Ra2 g6 42. Ra8+ Kg7 43. h4 h5 44. Nc4 b5 45. Nd6 Rd7 46.
Nc8 c5 47. Nb6 Rb7 48. Nd5 b4 49. Rc8 b3 50. Nc3 Ne6 51. Rc6 Kf7 52. Kg3 b2 53. Nb1 Ke7 54. Ra6 Nd4 55. Kf2 c4 56. Ke3 c3 0-1

[Event "*** Titled Tuesday 3|2 Blitz"]
[Site "Chess.com"]
[Date "2016.03.01"]
[Round "3"]
[White "Silent_Terror"]
[Black "HovmoellerHest"]
[Result "0-1"]
[WhiteElo "2504"]
[BlackElo "2366"]
[TimeControl "180+2"]
[EndTime "12:06:34 PST"]
[Termination "HovmoellerHest won by resignation"]

1. e4 c5 2. Be2 Nc6 3. d3 g6 4. f4 Bg7 5. Nf3 e6 6. O-O d6 7. c3 Nge7 8. Na3 O-O 9. Be3 Rb8 10. Qe1 b5 11. Nc2 b4 12. Bd2 a5 13. Rb1 Qb6 14.
c4 b3 15. axb3 Qxb3 16. Na3 Qb6 17. Nb5 Nb4 18. Bc3 f6 19. e5 dxe5 20. fxe5 f5 21. Qh4 Nec6 22. Qf4 h6 23. h4 Ba6 24. Nd6 Qd8 25. Rfe1 Nc2 26. Rec1 N2b4 27. Bf1 Kh7 28. Re1 Qe7 29. g3 Rbd8 30. Nb5 Bxb5 31. cxb5 Nd4 32. Nxd4 cxd4 33. Bd2 Qc5 34. Rec1 Qxb5 35. Rc4 Rd7 36. Re1 Rfd8 37. b3 Qb6 38. Bxb4 axb4 39. Bg2 Qb5 40. Bc6 Qa5 41. Bxd7 Rxd7 42. Rxd4 Qc5 43. Rc1 Qxd4+ 44. Qxd4 Rxd4 45. Rc7 Rxd3 46. Re7 Rxg3+ 47. Kf2 Rxb3 48. Rxe6 Rb2+ 49. Kf3 b3 50. Rb6 Rb1 51. e6 Re1 52. Kg2 b2 53. e7 Rxe7 0-1

[Event "*** Titled Tuesday 3|2 Blitz"]
[Site "Chess.com"]
[Date "2016.03.01"]
[Round "3"]
[White "D-Prawira"]
[Black "pedromartinez91"]
[Result "1-0"]
[WhiteElo "2215"]
[BlackElo "2322"]
[TimeControl "180+2"]
[EndTime "12:06:39 PST"]
[Termination "D-Prawira won by checkmate"]

1. Nf3 d5 2. g3 Nc6 3. d4 Bg4 4. Bg2 Qd7 5. h3 Bxf3 6. Bxf3 Nf6 7. Bg2 O-O-O 8. O-O e5 9. dxe5 Nxe5 10. a4 h5 11. a5 h4 12. Bf4 hxg3 13. Bxe5 Bd6 14. Bxg3 Rxh3 15. Bxd6 cxd6 16. Bxh3 Qxh3 17. Qd3 Qh5 18. Qg3 Ne4 19. Qg2 Rh8 20. Ra3 Rh6 21.
a6 Rg6 22. axb7+ Kb8 23. Rg3 Nxg3 24. fxg3 Qe5 25. Rf3 Qxb2 26. Nd2 Qd4+ 27. e3 Qb6 28. Qh3 Qxb7 29. Qh8+ Qc8 30. Qxc8+ Kxc8 31. Kf2 f6 32. Rf4 Rh6 33. Kg2 Kc7 34. Ra4 Kb6 35. Nf3 Rh8 36.
Nd4 Re8 37. Kf3 a5 38. Ra3 Ra8 39. Kf4 a4 40. Kf5 Kc5 41. Ne6+ Kb4 42. Ra1 a3 43. Nc7 Ra5 44. Ke6 Kc3 45. Nxd5+ Kb2 46. Re1 a2 47. c4 a1=R 48. Rxa1 Rxa1 49. Kxd6 Rg1 50. c5 Rxg3 51. c6 Rg1 52. c7 Rc1 53. Ne7 Rd1+ 54. Ke6 Rc1 55. Kd6 g5 56. Nc6 g4 57.
c8=Q g3 58. Qb7+ Kc2 59. Nd4+ Kd2 60. Qb2+ Kd1 61. Qe2# 1-0

[Event "*** Titled Tuesday 3|2 Blitz"]
[Site "Chess.com"]
[Date "2016.03.01"]
[Round "3"]
[White "evgenyermolaev"]
[Black "GeorgMeier"]
[Result "0-1"]
[WhiteElo "2041"]
[BlackElo "2747"]
[TimeControl "180+2"]
[EndTime "12:06:43 PST"]
[Termination "GeorgMeier won on time"]

1. e4 e6 2. d4 d5 3. Nc3 dxe4 4.
Nxe4 Nd7 5. Nf3 Ngf6 6. Nxf6+ Nxf6 7. Bd3 c5 8. O-O cxd4 9. Nxd4 Bc5 10. Nb3 Bd6 11.
h3 Bd7 12. Qe2 Qc7 13. Be3 O-O 14. Rad1 Rfd8 15. Nd4 Nd5 16. Bg5 Rdc8 17. Qe4 g6 18. Bh6 Bh2+ 19. Kh1 Bf4 20. Bxf4 Qxf4 21. Nf3 Rd8 22. Qxf4 Nxf4 23. Be4 Rab8 24. Rd6 Bb5 25. Rfd1 Rxd6 26. Rxd6 Kf8 27. b3 Ke7 28. Rd2 f6 29. c4 Bd7 30. Kh2 e5 31. h4 b6 32. g3 Ne6 33. h5 Nc5 34. Bc2 Bg4 35. Nh4 Bxh5 36. f3 g5 37. Nf5+ Kf7 38. b4 Ne6 39. Rd7+ Kg8 40. c5 Be8 41. Re7 Nd4 42.
Nxd4 exd4 43. Bxh7+ Kf8 44. Rxa7 bxc5 45. bxc5 Rb2+ 46.
Kh3 Bb5 47. Be4 d3 48. c6 d2 49. c7 Bd7+ 0-1

[Event "*** Titled Tuesday 3|2 Blitz"]
[Site "Chess.com"]
[Date "2016.03.01"]
[Round "3"]
[White "DagurR"]
[Black "AdrianaNikolova"]
[Result "1-0"]
[WhiteElo "2277"]
[BlackElo "2146"]
[TimeControl "180+2"]
[EndTime "12:06:47 PST"]
[Termination "DagurR won by resignation"]

1. d4 Nf6 2. c4 e6 3. Nc3 Bb4 4. e3 O-O 5. Nf3 d5 6. Bd3 c5 7.
O-O Nc6 8. dxc5 dxc4 9. Bxc4 Bxc3 10. bxc3 Qa5 11. Bb3 Qxc3 12. Ba3 Rd8 13. Qc1 Qxc1 14. Raxc1 Bd7 15. Rb1 Na5 16. Nd4 e5 17. Nf3 Re8 18.
Bb2 Nxb3 19. axb3 Bb5 20. Rfd1 e4 21. Nd4 Bd3 22. Rbc1 Nd5 23. Nf5 g6 24. Nd6 Re7 25.
Ba3 f5 26. b4 Rd7 27. b5 a6 28. c6 bxc6 29. bxc6 Rc7 30. Nb7 Ne7 31. Na5 Rac8 32. Bd6 Kf7 33. Bxc7 Rxc7 34. f3 Ke6 35. Kf2 Nd5 36.
Nb7 Nb4 37. Rd2 Ke7 38. Rb2 Nxc6 39. Na5 Kd6 40. Nxc6 Rxc6 41. Rxc6+ Kxc6 42. fxe4 fxe4 43. Rb8 a5 44. Rh8 a4 45. Rxh7 Kb6 46. Rh8 Ba6 47. Rb8+ Bb7 48. Rd8 a3 49. Rd1 a2 50. Ra1 Bd5 51. Kg3 Kc5 52. Kf4 Kb4 53. Kg5 Kc3 54. Kxg6 Kd3 55. h4 Kxe3 56. h5 Kd2 57. h6 e3 58. h7 e2 59. h8=Q Be4+ 60. Kg5 Bb1 61.
Qb2+ Kd1 62. Rxb1+ axb1=Q 63. Qxb1+ Kd2 64. g4 e1=Q 65. Qxe1+ Kxe1 66. Kf5 1-0

[Event "*** Titled Tuesday 3|2 Blitz"]
[Site "Chess.com"]
[Date "2016.03.01"]
[Round "3"]
[White "kleinebeer98"]
[Black "lionheart95"]
[Result "1-0"]
[WhiteElo "2506"]
[BlackElo "2343"]
[TimeControl "180+2"]
[EndTime "12:06:48 PST"]
[Termination "kleinebeer98 won by resignation"]

1. e4 e6 2. d3 d5 3. Nd2 Nf6 4. g3 g6 5. Bg2 Bg7 6. Ngf3 O-O 7. O-O c5 8. c3 Nc6 9. Qe2 a5 10. a4 b6 11. Re1 Ba6 12. Qe3 Qc7 13. h3 Rad8 14. e5 Nd7 15. d4 cxd4 16. cxd4 Nb4 17.
Ra3 Nc2 18. Rc3 Nxe3 19. Rxc7 Nxg2 20. Kxg2 Nb8 21. b3 Rc8 22. Ra7 Rc2 23. Ba3 Rfc8 24. Bd6 Bd3 25. Re3 R2c3 26. Ra8 Bh6 27. Rxb8 Rxb8 28.
Bxb8 Bxe3 29. fxe3 Be4 30. Kf2 Rc2 31. Ke1 Rc1+ 32.
Ke2 Bc2 33. Ne1 Bd1+ 34. Kd3 g5 35. Ba7 Rc6 36. e4 dxe4+ 37. Nxe4 h6 38. Nd2 Kf8 39. Ng2 Bc2+ 40. Ke2 Ke7 41. Ne3 Bg6 42. d5 exd5 43. Bxb6 Ke6 44. Bxa5 Kxe5 45. Nf3+ Ke4 46. Nd2+ Ke5 47. b4 f5 48. b5 Rc8 49. Nf3+ Ke4 50. Nd2+ Ke5 51. b6 f4 52. b7 Re8 53. gxf4+ gxf4 54. Bc7+ Kd4 55. Bxf4 Bh5+ 56. Kf2 Kd3 57. b8=Q Rxb8 58.
Bxb8 Kxd2 59. Nxd5 Kd3 60. Nf4+ 1-0

[Event "*** Titled Tuesday 3|2 Blitz"]
[Site "Chess.com"]
[Date "2016.03.01"]
[Round "3"]
[White "Alexander_Donchenko"]
[Black "spectralsoul"]
[Result "0-1"]
[WhiteElo "2604"]
[BlackElo "2587"]
[TimeControl "180+2"]
[EndTime "12:06:49 PST"]
[Termination "spectralsoul won by resignation"]

1. d4 d6 2. Nf3 g6 3. g3 Bg7 4. Bg2 e5 5. dxe5 dxe5 6. Qxd8+ Kxd8 7. Nc3 f6 8. Be3 c6 9. O-O-O+ Kc7 10. Bc5 Be6 11. Bd6+ Kc8 12. h4 h5 13. Ne4 Nh6 14.
Be7 Nd7 15. Rd6 Bf5 16. Nxf6 Nf7 17. Nxd7 Nxd6 18. Bxd6 Kxd7 19. Bxe5 Bh6+ 20. Kb1 Rhe8 21. Rd1+ Ke7 22. Bc3 Rad8 23. Re1 Be4 24. b3 c5 25. Bh3 Kf8 26. Ne5 Bd2 27. Bxd2 Rxd2 28. Nd7+ Kg7 29.
Nxc5 Bxc2+ 30. Kc1 Rdxe2 31. Rxe2 Rxe2 32. Nxb7 Rxf2 33. Nd6 Bd3 34. a4 Rc2+ 35. Kd1 Rh2 36. Be6 Bc2+ 37. Kc1 Kf6 38. Bc4 Ke5 39. Nc8 a5 40. Ne7 Be4 41. Nc8 Kd4 42. Nd6 Bd3 43. Nb5+ Ke3 44. Bf7 Rg2 45. Nd6 Rc2+ 46. Kd1 Rg2 47. Kc1 Rxg3 48.
Nb7 Kd4 49. Nxa5 Kc3 0-1

[Event "*** Titled Tuesday 3|2 Blitz"]
[Site "Chess.com"]
[Date "2016.03.01"]
[Round "3"]
[White "Mornar1951"]
[Black "Spas_Kozhuharov"]
[Result "0-1"]
[WhiteElo "2583"]
[BlackElo "2454"]
[TimeControl "180+2"]
[EndTime "12:06:54 PST"]
[Termination "Spas_Kozhuharov won on time"]

1. Nf3 d5 2. d4 Nf6 3. c4 dxc4 4. e3 e6 5. Bxc4 c5 6. O-O Nc6 7. Nc3 a6 8. dxc5 Bxc5 9. Qxd8+ Kxd8 10. Nd2 b5 11.
Be2 Bb7 12. Nde4 Nxe4 13. Nxe4 Be7 14. Bd2 Ne5 15. Ng3 Rc8 16. Bc3 Nc4 17. Rfd1+ Ke8 18. Nh5 Rg8 19. Bxg7 f6 20. g3 Nxb2 21. Nxf6+ Bxf6 22.
Bxf6 Nxd1 23. Bh5+ Kf8 24. Rxd1 Bd5 25. f3 Rg6 26.
Bxg6 hxg6 27. e4 Bxa2 28. Rd7 b4 29. Ra7 Rc1+ 30. Kf2 Rc2+ 31. Ke3 b3 32. Rb7 a5 33. Kf4 a4 34. Kg5 Ke8 35. Re7+ Kf8 36. Kxg6 e5 37.
Ra7 Rc8 38. Bxe5 Rc6+ 39. Kf5 Rc5 40. Kf6 Rxe5 41. Kxe5 b2 42. Rb7 Bb3 43. Kf6 Ke8 44.
e5 b1=Q 45. f4 Qe4 46. f5 Qxb7 47. e6 Qe7+ 0-1

[Event "*** Titled Tuesday 3|2 Blitz"]
[Site "Chess.com"]
[Date "2016.03.01"]
[Round "3"]
[White "Izoria123"]
[Black "FairChess_on_YouTube"]
[Result "0-1"]
[WhiteElo "2546"]
[BlackElo "2726"]
[TimeControl "180+2"]
[EndTime "12:07:00 PST"]
[Termination "FairChess_on_YouTube won on time"]

1. d4 d5 2. Nf3 Nf6 3. c4 c6 4. cxd5 cxd5 5. Nc3 Nc6 6. Bf4 a6 7. Rc1 Bf5 8. e3 e6 9. Be2 Nd7 10. O-O Be7 11. h3 O-O 12. Na4 Rc8 13. a3 b5 14. Nc5 Nxc5 15. dxc5 Bf6 16. Qd2 e5 17. Bg3 Be6 18. b4 Qe7 19. a4 Qb7 20. axb5 axb5 21.
Rb1 Rfd8 22. Rfd1 Ra8 23. Bh4 Bxh4 24. Nxh4 e4 25. f4 d4 26. f5 Ba2 27. Rb2 Bc4 28. f6 Ra3 29. exd4 e3 30. Qe1 Nxd4 31. Bxc4 bxc4 32. Qg3 g6 33. Rxd4 Rxd4 34. Nf5 Rd8 35. Ne7+ Kh8 36. c6 Qa7 37. c7 e2+ 38. Kh2 Rf8 39.
Qd6 Qxc7 40. Qxc7 e1=Q 41. Qd6 Re8 42. b5 Rd3 43. Qf4 c3 44. Rc2 Qe3 45. Qc7 Qd4 46.
b6 Qxf6 47. b7 Kg7 48. Nc6 Rd6 49. b8=Q Qf4+ 50. g3 Rd2+ 51. Rxd2 Qxd2+ 0-1